[Event "Titled Tuesday Blitz March 21 Early 2023"]
[White "Palacio,Igor Da Paz"]
[Black "Lukiyanchuk, Vladislav"]
[WhiteFideId "2121140"]
[BlackFideId "14127113"]
[WhiteElo "2126"]
[BlackElo "2345"]
[Result "0-1"]
[Round "01"]
[TimeControl "180+2"]
[Date "2023.03.21"]
[WhiteClock "0:01:06"]
[BlackClock "0:00:35"]

1. e4 Nc6 2. Nc3 e5 3. g3 Bc5 4. Bg2 Nf6 5. Nf3 O-O 6. O-O a6 7. d3 h6 8. a3 d6 9. h3 Nh7 10. Be3 Bxe3 11. fxe3 f5 12. exf5 Bxf5 13. Kh2 Qd7 14. Nh4 Be6 15. Nd5 Ng5 16. g4 e4 17. Bxe4 Nxe4 18. dxe4 Ne5 19. Qe2 Rfe8 20. Nf5 Kh7 21. Qf2 Rf8 22. Qh4 Ng6 23. Qg3 Rae8 24. Rad1 Qc6 25. Nd4 Rxf1 26. Rxf1 Qc4 27. b3 Qxf1 0-1


[Site "https://www.chess.com"]

[Event "Titled Tuesday Blitz March 21 Early 2023"]
[White "Yelisieiev, Yevhenii"]
[Black "Tarnowska, Aleksandra"]
[WhiteFideId "14139642"]
[BlackFideId "1180967"]
[WhiteElo "2447"]
[BlackElo "1776"]
[Result "1-0"]
[Round "01"]
[TimeControl "180+2"]
[Date "2023.03.21"]
[WhiteClock "0:00:45"]
[BlackClock "0:00:02"]

1. d4 d5 2. Nf3 Nf6 3. e3 Bf5 4. c4 c6 5. Qb3 Qb6 6. c5 Qxb3 7. axb3 Nbd7 8. b4 g6 9. b5 Bg7 10. Nbd2 O-O 11. bxc6 bxc6 12. Ra6 Rfc8 13. Nb3 Ne4 14. Nh4 e5 15. f3 Nef6 16. Nxf5 gxf5 17. Bd3 e4 18. Bc2 Nb8 19. Ra3 Nbd7 20. Bd2 h5 21. h4 Ne8 22. Kf2 Nc7 23. Rha1 Nb5 24. Ra6 Nb8 25. R6a4 Nd7 26. fxe4 fxe4 27. Bd1 Nf6 28. Ke2 Bh6 29. R1a2 Kf8 30. Na1 Ke7 31. Nc2 Rg8 32. Kf1 Rg7 33. Be2 a6 34. Rxa6 Rxa6 35. Rxa6 Kd7 36. Bxb5 cxb5 37. Rxf6 Rh7 38. Nb4 1-0


[Site "https://www.chess.com"]

[Event "Titled Tuesday Blitz March 21 Early 2023"]
[White "ilya2700"]
[Black "Diaz Rosas, Julio Cesar"]
[BlackFideId "5105099"]
[WhiteElo "2134"]
[BlackElo "2270"]
[Result "0-1"]
[Round "01"]
[TimeControl "180+2"]
[Date "2023.03.21"]
[WhiteClock "0:00:02"]
[BlackClock "0:01:06"]

1. d4 Nf6 2. c4 g6 3. Nc3 d5 4. cxd5 Nxd5 5. e4 Nxc3 6. bxc3 Bg7 7. Bc4 c5 8. Ne2 O-O 9. Be3 Nc6 10. O-O b6 11. Rc1 Bb7 12. Qd2 Qd7 13. Rfd1 Rfd8 14. f3 Rac8 15. Bb5 a6 16. Bxc6 Qxc6 17. d5 Qa4 18. c4 e6 19. h4 f5 20. h5 b5 21. Bg5 Rd7 22. hxg6 hxg6 23. Nf4 Bd4+ 24. Kh1 Rh7+ 25. Nh3 bxc4 26. dxe6 fxe4 27. fxe4 Bxe4 28. Kh2 Qc6 29. Rxc4 Qxe6 30. Qxd4 cxd4 31. Rxc8+ Qxc8 32. Rxd4 Qc7+ 33. Kg1 Rxh3 34. gxh3 Qg3+ 35. Kf1 Qxg5 36. a4 Qf4+ 37. Ke2 Qf3+ 38. Kd2 Qf2+ 39. Kc3 Qc2+ 40. Kb4 a5+ 41. Kb5 Qc6+ 42. Kxa5 Qc5+ 43. Ka6 Qxd4 0-1


[Site "https://www.chess.com"]

[Event "Titled Tuesday Blitz March 21 Early 2023"]
[White "Sokac, Marko"]
[Black "th3d4rkness"]
[WhiteFideId "14531356"]
[WhiteElo "2355"]
[BlackElo "2128"]
[Result "1-0"]
[Round "01"]
[TimeControl "180+2"]
[Date "2023.03.21"]
[WhiteClock "0:02:30"]
[BlackClock "0:01:16"]

1. e4 c5 2. a3 Nc6 3. b4 cxb4 4. axb4 Nxb4 5. d4 d5 6. c3 Nc6 7. exd5 Qxd5 8. Na3 e6 9. Nb5 Qe4+ 10. Be2 Kd8 11. Nf3 Nf6 12. O-O Bd7 13. Ng5 Qg6 14. Bd3 Qh5 15. Qxh5 Nxh5 16. Nxf7+ Ke7 17. Nxh8 g6 18. Bg5+ Nf6 19. d5 Ne5 20. d6+ 1-0


[Site "https://www.chess.com"]

[Event "Titled Tuesday Blitz March 21 Early 2023"]
[White "Michalski, Olaf"]
[Black "Taboas Rodriguez, Daniel"]
[WhiteFideId "1106740"]
[BlackFideId "2208466"]
[WhiteElo "2173"]
[BlackElo "2365"]
[Result "0-1"]
[Round "01"]
[TimeControl "180+2"]
[Date "2023.03.21"]
[WhiteClock "0:00:01"]
[BlackClock "0:01:29"]

1. d4 Nf6 2. c4 g6 3. Nc3 Bg7 4. e4 d6 5. Nf3 O-O 6. Be2 e5 7. d5 Nbd7 8. O-O Nc5 9. Qc2 a5 10. Bg5 h6 11. Be3 Nfd7 12. Nd2 f5 13. exf5 gxf5 14. f4 exf4 15. Bxf4 Ne5 16. Nf3 Bd7 17. Nxe5 dxe5 18. Be3 Qe7 19. Nb5 f4 20. Bf2 e4 21. Bd4 Bxb5 22. Bxg7 Qxg7 23. cxb5 b6 24. Bc4 Kh8 25. Kh1 Rae8 26. Rae1 Qd4 27. b3 Rf6 28. Qf2 Qxf2 29. Rxf2 Kg7 30. g3 fxg3 31. Rxf6 Kxf6 32. hxg3 Ke5 33. Kg2 Kd4 34. Rd1+ Ke3 35. Re1+ Kd2 36. Re2+ Kd1 37. Kf2 Rf8+ 38. Ke3 Rf3+ 39. Kd4 Rxg3 40. d6 cxd6 41. Kd5 Rc3 42. Rh2 e3 43. Kxd6 Rxc4 0-1


[Site "https://www.chess.com"]

[Event "Titled Tuesday Blitz March 21 Early 2023"]
[White "Ordekalog"]
[Black "Jaivardhan Raj"]
[BlackFideId "25744437"]
[WhiteElo "2590"]
[BlackElo "1772"]
[Result "1-0"]
[Round "01"]
[TimeControl "180+2"]
[Date "2023.03.21"]
[WhiteClock "0:01:20"]
[BlackClock "0:00:52"]

1. d4 Nf6 2. c4 e6 3. Nc3 b6 4. e4 Bb7 5. Bd3 Bb4 6. f3 d6 7. Ne2 O-O 8. O-O Nbd7 9. Na4 d5 10. cxd5 exd5 11. e5 Ne8 12. f4 h6 13. a3 Be7 14. Ng3 c5 15. Nf5 Kh8 16. Qh5 Nef6 17. exf6 Nxf6 18. Qh3 cxd4 19. Nxh6 gxh6 20. Qxh6+ Kg8 21. Rf3 Ne4 22. Rh3 1-0


[Site "https://www.chess.com"]

[Event "Titled Tuesday Blitz March 21 Early 2023"]
[White "lolliNOPE"]
[Black "Ingebretsen, Jens E"]
[BlackFideId "1522965"]
[WhiteElo "2010"]
[BlackElo "2213"]
[Result "1/2-1/2"]
[Round "01"]
[TimeControl "180+2"]
[Date "2023.03.21"]
[WhiteClock "0:00:21"]
[BlackClock "0:00:49"]

1. e4 e5 2. Nc3 Nf6 3. f4 d6 4. Nf3 Nc6 5. Bb5 Bd7 6. d3 Be7 7. O-O O-O 8. Kh1 Bg4 9. Bxc6 bxc6 10. h3 Bxf3 11. Qxf3 Qd7 12. b3 Rfe8 13. Bb2 Rad8 14. Ne2 exf4 15. Qxf4 c5 16. Ng3 Qe6 17. Nf5 Bf8 18. Nh6+ Kh8 19. Bxf6 gxf6 20. c4 Bxh6 21. Qxh6 Qe5 22. Qxf6+ Qxf6 23. Rxf6 Kg7 24. Raf1 Rd7 25. g4 Re6 26. R6f5 h6 27. Kg2 a5 28. Kg3 c6 29. h4 d5 30. exd5 cxd5 31. Rxd5 Rxd5 32. cxd5 Re5 33. d6 Rd5 34. Rf3 Rxd6 35. Kf4 Rd4+ 36. Kg3 a4 37. bxa4 Rxa4 38. Rf5 Ra5 39. Rd5 Kf6 40. Kf4 Ra4+ 41. Kf3 c4 42. dxc4 Rxc4 43. Ra5 Rc3+ 44. Kf4 Rc4+ 45. Kf3 Rc3+ 46. Kf4 Rc4+ 47. Kf3 1/2-1/2


[Site "https://www.chess.com"]

[Event "Titled Tuesday Blitz March 21 Early 2023"]
[White "Denishev, Marat"]
[Black "dorpato"]
[WhiteFideId "24131563"]
[WhiteElo "2302"]
[BlackElo "2005"]
[Result "1-0"]
[Round "01"]
[TimeControl "180+2"]
[Date "2023.03.21"]
[WhiteClock "0:02:38"]
[BlackClock "0:00:19"]

1. d4 Nf6 2. Nc3 d5 3. Bf4 g6 4. Qd2 Bg7 5. Bh6 O-O 6. h4 e6 7. f3 Qe7 8. O-O-O Rd8 9. g4 Bxh6 10. Qxh6 Qf8 11. Qg5 h6 12. Qxf6 Nd7 13. Qf4 c5 14. e4 dxe4 15. Nxe4 cxd4 16. Nf6+ Nxf6 17. Qxf6 b6 18. Rxd4 Bb7 19. Bd3 Rxd4 20. Qxd4 Rd8 21. Qe3 Qb4 22. Ne2 Qa4 23. Kb1 Bd5 24. Nc3 Qc6 25. Nxd5 Qxd5 26. a3 b5 27. Re1 b4 28. axb4 Rb8 29. Qe4 Qd6 30. b5 Qb6 31. h5 a6 32. hxg6 axb5 33. gxf7+ Kxf7 34. Qh7+ Kf8 35. Qxh6+ Kf7 36. Bg6+ Ke7 37. Qg7+ Kd6 38. Rd1+ Kc5 39. Qc3# 1-0


[Site "https://www.chess.com"]

[Event "Titled Tuesday Blitz March 21 Early 2023"]
[White "Vargas Pereda, Jesus Manue"]
[Black "Budisavljevic, Luka"]
[WhiteFideId "5115710"]
[BlackFideId "960047"]
[WhiteElo "1914"]
[BlackElo "2424"]
[Result "0-1"]
[Round "01"]
[TimeControl "180+2"]
[Date "2023.03.21"]
[WhiteClock "0:00:12"]
[BlackClock "0:00:27"]

1. d4 Nf6 2. Bf4 g6 3. Nc3 Bg7 4. e4 d6 5. Qd2 h5 6. h4 c6 7. f3 b5 8. O-O-O Nfd7 9. g4 hxg4 10. fxg4 b4 11. Nce2 a5 12. Bg2 Nb6 13. e5 Be6 14. d5 Nxd5 15. exd6 exd6 16. Nf3 Na6 17. Ng5 Qd7 18. Nxe6 fxe6 19. Bxd5 cxd5 20. Qd3 Nc5 21. Qxg6+ Kd8 22. h5 Kc7 23. h6 Be5 24. Bxe5 dxe5 25. g5 a4 26. Qf6 Qd6 27. g6 b3 28. cxb3 axb3 29. a3 Ne4 30. Qf7+ Kb6 31. Kb1 Qc6 32. Rc1 Nd2+ 33. Ka1 Qd6 34. Nc3 Rxa3+ 35. bxa3 Qxa3+ 36. Na2 b2# 0-1


[Site "https://www.chess.com"]

[Event "Titled Tuesday Blitz March 21 Early 2023"]
[White "Koellner, Ruben Gideon"]
[Black "Semenova, Alina"]
[WhiteFideId "12993093"]
[BlackFideId "24113875"]
[WhiteElo "2303"]
[BlackElo "1833"]
[Result "1-0"]
[Round "01"]
[TimeControl "180+2"]
[Date "2023.03.21"]
[WhiteClock "0:02:09"]
[BlackClock "0:01:29"]

1. d4 Nf6 2. Nf3 d6 3. Nbd2 g6 4. e4 Bg7 5. Bc4 O-O 6. O-O Nbd7 7. e5 dxe5 8. dxe5 Ne8 9. e6 fxe6 10. Ng5 Ne5 11. Bxe6+ Kh8 12. Nc4 Qxd1 13. Rxd1 Bxe6 14. Nxe5 Bxe5 15. Nxe6 Rf6 16. Ng5 h6 17. Ne4 Bf4 18. Nxf6 Bxc1 19. Nxe8 1-0


[Site "https://www.chess.com"]

[Event "Titled Tuesday Blitz March 21 Early 2023"]
[White "Carlsen, Magnus"]
[Black "Weetik, Vjacheslav"]
[WhiteFideId "1503014"]
[BlackFideId "4153472"]
[WhiteElo "2852"]
[BlackElo "2469"]
[Result "1-0"]
[Round "02"]
[TimeControl "180+2"]
[Date "2023.03.21"]
[WhiteClock "0:01:05"]
[BlackClock "0:00:03"]

1. e4 c6 2. d4 d5 3. exd5 cxd5 4. Bd3 Nc6 5. c3 g6 6. Nf3 Bf5 7. Be2 Bg7 8. O-O Nf6 9. Re1 O-O 10. Nbd2 Ne4 11. Nb3 Qc7 12. Bd3 Rad8 13. h3 f6 14. Nh4 Bc8 15. Bxe4 dxe4 16. Rxe4 e5 17. Nf3 f5 18. Re1 e4 19. Nh2 Ne5 20. Bg5 Rd5 21. Nc5 b6 22. Qb3 Qf7 23. Nxe4 Nd3 24. Nf6+ Bxf6 25. Bxf6 Nxe1 26. Rxe1 Be6 27. Bg5 Re5 28. Qd1 Rxe1+ 29. Qxe1 Bxa2 30. Nf3 Re8 31. Ne5 Qd5 32. f3 Bc4 33. h4 b5 34. h5 Qe6 35. Qh4 Bd5 36. hxg6 hxg6 37. Bf6 1-0


[Site "https://www.chess.com"]

[Event "Titled Tuesday Blitz March 21 Early 2023"]
[White "Skvortsov, Andrei"]
[Black "Naroditsky, Daniel"]
[WhiteFideId "24108600"]
[BlackFideId "2026961"]
[WhiteElo "2259"]
[BlackElo "2633"]
[Result "0-1"]
[Round "02"]
[TimeControl "180+2"]
[Date "2023.03.21"]
[WhiteClock "0:00:05"]
[BlackClock "0:00:05"]

1. e4 c5 2. d4 cxd4 3. Qxd4 Nc6 4. Qd3 g6 5. Nf3 Bg7 6. Nc3 d6 7. Be2 Nf6 8. O-O O-O 9. Nd5 Nd7 10. c3 Nc5 11. Qc2 b6 12. b4 Nd7 13. Bb2 Bb7 14. Rfd1 Rc8 15. Qd2 Nce5 16. Qg5 Re8 17. Rac1 Nc4 18. Ba1 Nf6 19. Qf4 b5 20. Bf1 a6 21. Nxf6+ Bxf6 22. Re1 Qb6 23. Nd4 Bg7 24. Nb3 Rc7 25. Rcd1 Rec8 26. Rd3 a5 27. bxa5 Nxa5 28. Qd2 Nc4 29. Qg5 Ra8 30. Nc1 h6 31. Qh4 Ra3 32. Rh3 Bc8 33. Rd3 Be6 34. Qg3 Ra8 35. h4 h5 36. Kh1 b4 37. Nb3 Rxa2 38. cxb4 Bxa1 39. Rxa1 Qxf2 40. Qxf2 Rxf2 41. Nd4 Ne5 42. Nxe6 fxe6 43. Rb3 Rb7 44. Kg1 Rf4 45. Re1 Nd7 46. g3 Rf8 47. Bh3 Rf6 48. Rb2 Ne5 49. Bg2 Nd3 50. e5 dxe5 51. Bxb7 Nxb2 52. Rxe5 Nc4 53. Rc5 Nd6 54. Bg2 Rf8 55. b5 Rb8 56. Bf3 Rxb5 57. Rc7 Kf7 58. Ra7 Kf6 59. Kg2 Rb3 60. Kg1 Rxf3 0-1


[Site "https://www.chess.com"]

[Event "Titled Tuesday Blitz March 21 Early 2023"]
[White "Andreikin, Dmitry"]
[Black "Manukyan, Sargis A."]
[WhiteFideId "4158814"]
[BlackFideId "13303970"]
[WhiteElo "2736"]
[BlackElo "2187"]
[Result "1-0"]
[Round "02"]
[TimeControl "180+2"]
[Date "2023.03.21"]
[WhiteClock "0:00:37"]
[BlackClock "0:01:32"]

1. Nf3 d5 2. c4 e6 3. g3 Nf6 4. Bg2 Be7 5. O-O O-O 6. Na3 c5 7. d4 cxd4 8. Nxd4 Nc6 9. Be3 Nxd4 10. Bxd4 Bxa3 11. bxa3 dxc4 12. Rc1 Qa5 13. Rxc4 Rd8 14. Qa1 Ne8 15. h4 Qxa3 16. Rfc1 Bd7 17. Bxb7 Rab8 18. Bf3 Bb5 19. Rc5 a6 20. Kg2 h6 21. Be5 Rb6 22. Rc8 Qe7 23. a4 Rxc8 24. Rxc8 Bxe2 25. Rxe8+ Qxe8 26. Bxe2 Rb3 27. Bxg7 Qc6+ 28. Kh2 Qc2 29. Bh8 Qh7 30. Qd1 Qb1 31. Qd8+ Kh7 32. Bd4 Rb8 33. Qf6 Qg6 34. Bd3 1-0


[Site "https://www.chess.com"]

[Event "Titled Tuesday Blitz March 21 Early 2023"]
[White "Perez Gormaz, Matias"]
[Black "Dubov, Daniil"]
[WhiteFideId "3406342"]
[BlackFideId "24126055"]
[WhiteElo "2362"]
[BlackElo "2802"]
[Result "0-1"]
[Round "02"]
[TimeControl "180+2"]
[Date "2023.03.21"]
[WhiteClock "0:00:03"]
[BlackClock "0:00:09"]

1. Nf3 d5 2. b3 c5 3. e3 a6 4. Ba3 e6 5. c4 Nc6 6. Be2 d4 7. exd4 cxd4 8. Bxf8 Kxf8 9. d3 Nge7 10. O-O Ng6 11. Re1 e5 12. Bf1 Bf5 13. b4 Qf6 14. b5 Nce7 15. Nbd2 h5 16. a4 h4 17. Ne4 Bxe4 18. Rxe4 Nf5 19. Qd2 h3 20. g3 Nxg3 21. fxg3 Qxf3 22. bxa6 Rxa6 23. Qb4+ Kg8 24. Qxb7 Rf6 25. Bxh3 Nf8 26. Rf1 Qxd3 27. Rxf6 gxf6 28. Rg4+ Ng6 29. Bg2 Qe3+ 30. Kf1 Qc1+ 31. Kf2 Kg7 32. Bd5 Rxh2+ 33. Bg2 Qe3+ 34. Kf1 d3 35. Qd5 d2 36. Re4 Qxg3 37. Qxd2 Nf4 0-1


[Site "https://www.chess.com"]

[Event "Titled Tuesday Blitz March 21 Early 2023"]
[White "Firouzja, Alireza"]
[Black "Parkhov, Yair"]
[WhiteFideId "12573981"]
[BlackFideId "2813408"]
[WhiteElo "2904"]
[BlackElo "2421"]
[Result "0-1"]
[Round "02"]
[TimeControl "180+2"]
[Date "2023.03.21"]
[WhiteClock "0:00:01"]
[BlackClock "0:00:09"]

1. e4 c5 2. Nf3 d6 3. d4 cxd4 4. Nxd4 Nf6 5. Nc3 a6 6. Qf3 Nbd7 7. Be2 g6 8. Qg3 Qb6 9. Nb3 Bg7 10. h4 h5 11. Bg5 O-O 12. O-O-O Qc7 13. Nd5 Nxd5 14. exd5 Nb6 15. Rhe1 Na4 16. c3 b5 17. Bxh5 Re8 18. a3 Bf5 19. Bg4 Bxg4 20. Qxg4 Nxb2 21. Bd2 Nxd1 22. Kxd1 Bxc3 23. h5 Bxd2 24. Nxd2 Rac8 25. Re4 Qc1+ 26. Ke2 Rc2 27. Rd4 e5 28. Rd3 e4 29. Rd4 e3 30. fxe3 Qg1 31. Qf3 Rc1 32. hxg6 Qe1+ 33. Kd3 fxg6 34. Rg4 Rxe3+ 35. Qxe3 Rc3+ 36. Kxc3 Qxe3+ 37. Kc2 Kg7 38. a4 Qc5+ 39. Kd3 Qxd5+ 40. Rd4 Qf5+ 41. Kc3 bxa4 42. Rxa4 Qc5+ 43. Kb2 Qe5+ 44. Kc2 Qb5 45. Rd4 d5 0-1


[Site "https://www.chess.com"]

[Event "Titled Tuesday Blitz March 21 Early 2023"]
[White "Krysa, Leandro"]
[Black "Duda, Jan-Krzysztof"]
[WhiteFideId "116807"]
[BlackFideId "1170546"]
[WhiteElo "2485"]
[BlackElo "2790"]
[Result "0-1"]
[Round "02"]
[TimeControl "180+2"]
[Date "2023.03.21"]
[WhiteClock "0:00:06"]
[BlackClock "0:00:27"]

1. e4 c5 2. Nf3 Nc6 3. d4 cxd4 4. Nxd4 e5 5. Nb5 a6 6. Nd6+ Bxd6 7. Qxd6 Qe7 8. Qxe7+ Ngxe7 9. c4 Nd4 10. Bd3 b5 11. Nc3 bxc4 12. Bb1 d6 13. O-O Rb8 14. Rd1 Nec6 15. Kf1 Be6 16. Ne2 Nxe2 17. Kxe2 Ke7 18. Bc2 Nd4+ 19. Kd2 Rhc8 20. Rb1 c3+ 21. bxc3 Nxc2 22. Kxc2 Bxa2 23. Rb2 Bc4 24. Be3 Rxb2+ 25. Kxb2 Rb8+ 26. Ka1 Rb3 27. Bd2 a5 28. f3 Ra3+ 29. Kb1 a4 30. Rc1 Ke6 31. h4 h5 32. Be3 Rb3+ 33. Kc2 a3 34. Rb1 a2 35. Ra1 Rb1 36. Rxb1 Bd3+ 0-1


[Site "https://www.chess.com"]

[Event "Titled Tuesday Blitz March 21 Early 2023"]
[White "Fedoseev, Vladimir"]
[Black "HSH1987"]
[WhiteFideId "24130737"]
[WhiteElo "2752"]
[BlackElo "2713"]
[Result "1-0"]
[Round "02"]
[TimeControl "180+2"]
[Date "2023.03.21"]
[WhiteClock "0:00:14"]
[BlackClock "0:00:01"]

1. Nf3 Nf6 2. g3 b6 3. Bg2 Bb7 4. O-O c5 5. d3 g6 6. e4 d6 7. Re1 Bg7 8. Nc3 O-O 9. a4 Nc6 10. h3 a6 11. Be3 Nd7 12. Qd2 Nd4 13. Nh2 b5 14. axb5 axb5 15. Rxa8 Qxa8 16. Bxd4 cxd4 17. Nxb5 Qa2 18. Qb4 Ba6 19. Qa3 Qxa3 20. Nxa3 Rb8 21. b3 Ne5 22. f4 Nc6 23. e5 Nb4 24. exd6 exd6 25. Nf3 Rc8 26. Re2 d5 27. Ne1 Bf8 28. Nb1 Nxd3 29. Nxd3 Bxd3 30. cxd3 Rc1+ 31. Kf2 Rxb1 32. Bxd5 Rd1 33. Bc4 Bb4 34. Re8+ Kg7 35. Rb8 Rd2+ 36. Kf3 Be7 37. b4 h5 38. b5 Rb2 39. b6 f5 40. b7 Bf8 41. Bd5 1-0


[Site "https://www.chess.com"]

[Event "Titled Tuesday Blitz March 21 Early 2023"]
[White "Schmakel, Sam"]
[Black "Sarana, Alexey"]
[WhiteFideId "2039311"]
[BlackFideId "24133795"]
[WhiteElo "2356"]
[BlackElo "2714"]
[Result "0-1"]
[Round "02"]
[TimeControl "180+2"]
[Date "2023.03.21"]
[WhiteClock "0:00:02"]
[BlackClock "0:00:03"]

1. Nf3 d5 2. g3 g6 3. Bg2 Bg7 4. O-O Nf6 5. b3 O-O 6. Bb2 Nbd7 7. c4 c6 8. d3 Re8 9. cxd5 cxd5 10. Nc3 a6 11. e4 dxe4 12. dxe4 Nxe4 13. Nxe4 Bxb2 14. Rb1 Bg7 15. Qe2 Nf6 16. Rfd1 Qa5 17. b4 Qh5 18. Nxf6+ Bxf6 19. Rbc1 Bg4 20. Qe4 b6 21. Rd5 Bf5 22. Qe3 Qg4 23. Nd4 e6 24. Rd6 Rad8 25. Nxf5 gxf5 26. Qxb6 Rxd6 27. Qxd6 Qe2 28. Bf1 Qb2 29. Qc6 Rd8 30. Rc2 Qb1 31. Kg2 Rd1 32. Bxa6 Rg1+ 33. Kh3 h5 34. Be2 Qxb4 35. Bxh5 Kg7 36. Qe8 Qe7 37. Qxe7 Bxe7 38. Rc7 Kf6 39. Bf3 Ra1 40. Ra7 Rb1 41. a4 Rb2 42. a5 Rxf2 43. Bc6 Ra2 44. a6 Bc5 45. Ra8 Bg1 46. g4 Rxh2+ 47. Kg3 Ra2 48. gxf5 Kxf5 49. Rf8 f6 50. Bb5 Bf2+ 51. Kf3 Bd4 52. Bd3+ Ke5 53. Re8 Ra3 54. Ke2 Ra4 55. Kd2 f5 56. Kc2 Ra5 57. Bc4 Kd6 58. Rxe6+ Kc5 59. Bd3 Ra2+ 60. Kd1 f4 61. Re7 Be3 62. Ke1 Kd6 63. Rf7 Ke5 64. a7 Bxa7 65. Rf5+ Kd4 66. Bb5 Ke4 67. Rf7 Bf2+ 68. Kd1 Bc5 69. Bc6+ Ke3 70. Kc1 Bd4 71. Kb1 Rb2+ 72. Kc1 Rb6 73. Bd5 Rd6 74. Bb7 Bc3 75. Kc2 Bd4 76. Re7+ Kf2 77. Rf7 Be3 78. Kc3 Rd4 79. Rf8 Rd7 80. Be4 Re7 81. Kd3 Rc7 82. Rf5 Rd7+ 83. Kc3 Rd1 84. Rf7 Rc1+ 85. Kb3 Ke2 86. Rf8 Rc5 87. Rf7 Re5 88. Bc6 Re6 89. Bd5 Rd6 90. Kc4 Kd2 91. Rf8 Ra6 92. Rf7 Ra4+ 93. Kb5 Rd4 94. Kc6 Kc3 95. Rf8 Rb4 96. Re8 Rb6+ 97. Kc7 Rf6 98. Re6 Rf5 99. Kc6 Kd4 100. Re4+ Kd3 101. Re6 Rf8 102. Re7 f3 103. Bxf3 Rxf3 104. Kd5 Rf5+ 105. Re5 Rf4 106. Re8 Ra4 107. Rb8 Ra5+ 108. Kc6 Kc4 109. Rb1 Ra6+ 110. Kd7 Rh6 111. Re1 Bd4 112. Ke7 Kd5 113. Kf7 Rf6+ 114. Ke7 Rg6 115. Kf7 Rg7+ 116. Kf8 Ra7 117. Ke8 Kd6 118. Rd1 Re7+ 119. Kd8 Re4 120. Kc8 Kc6 121. Kd8 Bb6+ 0-1


[Site "https://www.chess.com"]

[Event "Titled Tuesday Blitz March 21 Early 2023"]
[White "Bluebaum, Matthias"]
[Black "Hernandez Gonzalez, William"]
[WhiteFideId "24651516"]
[BlackFideId "3509915"]
[WhiteElo "2638"]
[BlackElo "2374"]
[Result "1-0"]
[Round "02"]
[TimeControl "180+2"]
[Date "2023.03.21"]
[WhiteClock "0:00:28"]
[BlackClock "0:00:14"]

1. d4 Nf6 2. c4 e6 3. Nc3 Bb4 4. e3 Bxc3+ 5. bxc3 c5 6. Bd3 Nc6 7. Ne2 d6 8. e4 e5 9. O-O b6 10. f4 Bg4 11. Qa4 Qd7 12. fxe5 Nxe5 13. Qxd7+ Nexd7 14. Ng3 O-O-O 15. Bf4 Nb8 16. h3 Bh5 17. Nf5 Ne8 18. e5 dxe5 19. Bxe5 f6 20. Bg3 Nc6 21. Be4 Na5 22. Rae1 Rd7 23. Bd5 Bg6 24. Be6 Kd8 25. Bxd7 Kxd7 26. Re7+ Kd8 27. Rxa7 1-0


[Site "https://www.chess.com"]

[Event "Titled Tuesday Blitz March 21 Early 2023"]
[White "Larino Nieto, David"]
[Black "Svane, Rasmus"]
[WhiteFideId "2256444"]
[BlackFideId "4657101"]
[WhiteElo "2506"]
[BlackElo "2597"]
[Result "0-1"]
[Round "02"]
[TimeControl "180+2"]
[Date "2023.03.21"]
[WhiteClock "0:00:01"]
[BlackClock "0:00:05"]

1. e4 c6 2. d4 d5 3. Nd2 dxe4 4. Nxe4 Nf6 5. Nxf6+ exf6 6. c3 Bd6 7. Bd3 O-O 8. Qc2 Re8+ 9. Ne2 h5 10. Be3 Nd7 11. h3 Nf8 12. O-O-O Be6 13. Kb1 b5 14. Nf4 Bxf4 15. Bxf4 a5 16. g4 h4 17. Be4 Qd7 18. Rhe1 a4 19. f3 Re7 20. Qf2 Ng6 21. Bc1 Rae8 22. Bc2 Qd5 23. b3 axb3 24. axb3 Ra8 25. f4 f5 26. Re5 Rea7 27. Bb2 Qd8 28. gxf5 Qa5 29. Kc1 Nxe5 30. fxe6 Ng6 31. exf7+ Kxf7 32. Rg1 Nf8 33. Qxh4 b4 34. c4 Qd8 35. Qh8 Ra1+ 36. Bb1 Qf6 37. Rf1 Ne6 38. Qh5+ Kf8 39. d5 Nd4 40. Bxd4 Qxd4 41. Qf5+ Qf6 42. Qxf6+ gxf6 43. dxc6 Ke7 44. Rd1 Rc8 45. Kb2 Ra5 46. Rd7+ Ke6 47. Be4 Rh5 48. Bd5+ Kf5 49. Rf7 Rxh3 50. c7 Rh2+ 51. Kc1 Re8 52. Kd1 Rg8 0-1


[Site "https://www.chess.com"]

[Event "Titled Tuesday Blitz March 21 Early 2023"]
[White "Van Foreest, Jorden"]
[Black "Dehtiarov, Roman"]
[WhiteFideId "1039784"]
[BlackFideId "14186640"]
[WhiteElo "2633"]
[BlackElo "2162"]
[Result "0-1"]
[Round "02"]
[TimeControl "180+2"]
[Date "2023.03.21"]
[WhiteClock "0:00:58"]
[BlackClock "0:00:23"]

1. e4 e5 2. Nf3 Nc6 3. Bb5 a6 4. Ba4 Nf6 5. d3 b5 6. Bb3 Bc5 7. a4 Rb8 8. axb5 axb5 9. Nc3 O-O 10. Bg5 h6 11. Bh4 Be7 12. O-O d6 13. h3 Be6 14. Bxf6 Bxf6 15. Bxe6 fxe6 16. Ne2 Ra8 17. c3 Ne7 18. Rxa8 Qxa8 19. Qb3 d5 20. Qxb5 dxe4 21. dxe4 Qxe4 22. Ng3 Qd5 23. Qe2 Nf5 24. Ne4 Rd8 25. Re1 Nd6 26. Rd1 Qxe4 27. Qxe4 Nxe4 28. Re1 Nc5 29. Nxe5 Nd3 30. Nxd3 Rxd3 31. Rxe6 Rd1+ 32. Kh2 Rd2 33. f4 Rxb2 34. Rc6 Rb7 35. Kg3 Kf7 36. Kg4 Ke7 37. Kf5 Kd7 38. Rc5 Rb3 39. g4 Rxc3 40. Rd5+ Kc6 41. Rd1 Rxh3 42. Rc1+ Rc3 43. Rg1 Rc5+ 44. Ke6 Kb6 45. Rb1+ Rb5 46. Rc1 c5 47. Kf7 Rb4 48. Rf1 c4 49. Kg6 c3 50. g5 hxg5 51. fxg5 Bd4 52. Kf5 Kc5 0-1


[Site "https://www.chess.com"]

[Event "Titled Tuesday Blitz March 21 Early 2023"]
[White "Kowalczyk, Pawel"]
[Black "Lazavik, Denis"]
[WhiteFideId "1130641"]
[BlackFideId "13515110"]
[WhiteElo "2324"]
[BlackElo "2560"]
[Result "0-1"]
[Round "02"]
[TimeControl "180+2"]
[Date "2023.03.21"]
[WhiteClock "0:00:13"]
[BlackClock "0:00:19"]

1. e4 c5 2. Ne2 Nf6 3. Nbc3 d5 4. exd5 Nxd5 5. Nxd5 Qxd5 6. Nc3 Qd8 7. Bc4 e6 8. O-O Be7 9. d3 O-O 10. Bf4 Nc6 11. Qd2 b6 12. h3 Bb7 13. Rae1 Nd4 14. Ne2 b5 15. Bb3 Nxb3 16. axb3 Qd5 17. f3 Rad8 18. Ra1 a6 19. Nc3 Qc6 20. Kh1 f6 21. Qf2 e5 22. Be3 Bd6 23. Ne4 Rc8 24. Nxd6 Qxd6 25. Rad1 f5 26. f4 exf4 27. Bxf4 Qd5 28. Rde1 Rf6 29. Re5 Qc6 30. Kh2 h6 31. Re7 Ba8 32. Rfe1 Rg6 33. R1e2 c4 34. bxc4 bxc4 35. d4 c3 36. bxc3 Qxc3 37. Be5 Rf8 38. Re3 Qxe3 39. Qxe3 Rxg2+ 40. Kh1 Rg3+ 41. Kh2 Rg2+ 42. Kh1 Re2+ 43. Kg1 Rxe3 44. Rxg7+ Kh8 45. Re7+ Rxe5 46. dxe5 f4 47. Kf2 Rc8 48. Rf7 Rxc2+ 49. Ke1 Bd5 50. Rxf4 Kg7 51. Rf6 Rc3 52. Rxa6 Re3+ 53. Kf2 Rxe5 54. Kg3 Bf7 55. Kf4 Re6 56. Ra5 Rf6+ 57. Kg3 Kg6 58. h4 Be6 59. Ra6 Kh5 60. Ra5+ Rf5 61. Ra6 Bd5 62. Ra3 Bf7 63. Ra7 Kg6 64. Ra6+ Kg7 65. Ra7 Rf6 66. Rb7 Rg6+ 67. Kf4 h5 68. Ra7 Rg4+ 69. Kf5 Rxh4 70. Ra3 Rh1 71. Kg5 Rg1+ 72. Kh4 Rg4+ 73. Kh3 Be6 74. Ra7+ Kf6 75. Kh2 Bf5 76. Ra6+ Kg5 77. Ra3 h4 78. Ra8 Rb4 79. Rg8+ Kf4 80. Rf8 Rb2+ 81. Kg1 h3 82. Rh8 Kg3 83. Rg8+ Bg4 84. Rxg4+ Kxg4 0-1


[Site "https://www.chess.com"]

[Event "Titled Tuesday Blitz March 21 Early 2023"]
[White "Bortnyk, Olexandr"]
[Black "Hamitevici, Vladimir"]
[WhiteFideId "14120828"]
[BlackFideId "13902393"]
[WhiteElo "2734"]
[BlackElo "2401"]
[Result "1-0"]
[Round "02"]
[TimeControl "180+2"]
[Date "2023.03.21"]
[WhiteClock "0:02:06"]
[BlackClock "0:00:10"]

1. d4 d5 2. Nc3 c6 3. Bf4 Bf5 4. e3 e6 5. Nf3 Bd6 6. Ne5 h6 7. h4 Ne7 8. Bd3 Qc7 9. Qh5 g6 10. Qf3 h5 11. e4 Bg4 12. Qg3 dxe4 13. Nxe4 Nf5 14. Nxd6+ Qxd6 15. Bxf5 Bxf5 16. Nxf7 Qb4+ 17. c3 Qxb2 18. Nd6+ Kd7 19. O-O Qc2 20. Nxb7 Qd3 21. Nc5+ 1-0


[Site "https://www.chess.com"]